 Dungeon Crawl Stone Soup version 0.29-a0-330-g52719c12eb (webtiles) character file.

Game seed: 18155414366614049419

102 Ajdolov the Gusty (level 4, 0/33 HPs)
             Began as a Demigod Air Elementalist on Apr 21, 2022.
             Succumbed to a scorpion's poison
             ... on level 3 of the Dungeon.
             The game lasted 00:03:34 (2647 turns).

Ajdolov the Gusty (Demigod Air Elementalist)        Turns: 2647, Time: 00:03:34

Health: 0/33       AC:  3    Str:  9    XL:     4   Next: 26%
Magic:  5/9        EV: 12    Int: 21    God:
Gold:   45         SH:  0    Dex: 14    Spells: 3/6 levels left

rFire   . . .      SeeInvis .   d - +0 rapier
rCold   . . .      Faith    .   (no shield)
rNeg    . . .      Spirit   .   a - +0 robe
rPois   .          Reflect  .   (no helmet)
rElec   .          Harm     .   (no cloak)
rCorr   .          Rampage  .   (no gloves)
Will    .....                   j - +0 pair of boots
Stlth   ++........              (no amulet)
HPRegen 0.11/turn               (no ring)
MPRegen 0.11/turn               (no ring)

@: mighty, lethally poisoned (0 -> -8), very slightly contaminated
A: high MP 1, forlorn, divine attributes
a: no special abilities


You were on level 3 of the Dungeon.
You visited 1 branch of the dungeon, and saw 3 of its levels.

You collected 121 gold pieces.
You spent 76 gold pieces at shops.

Inventory:

Hand Weapons
 d - a +0 rapier (weapon)
Armour
 a - a +0 robe (worn)
 j - a +0 pair of boots (worn)
Magical Staves
 f - a staff of cold
Scrolls
 c - a scroll of brand weapon {unknown}
 e - a scroll of amnesia {unknown}
 h - a scroll of torment {unknown}
 i - a scroll of identify {unknown}
 k - a scroll of immolation {unknown}
Potions
 b - a potion of magic


   Skills:
 - Level 1.7 Dodging
 - Level 1.7 Stealth
 - Level 1.7 Spellcasting
 + Level 2.2 Conjurations
 * Level 4.3 Air Magic


You had 3 spell levels left.
You knew the following spells:

 Your Spells              Type           Power      Damage    Failure   Level
a - Shock                 Conj/Air       60%        1d6       4%          1
b - Static Discharge      Conj/Air       15%        N/A       6%          2

Your spell library contained the following spells:

 Spells                   Type           Power      Damage    Failure   Level
 Swiftness                Air            19%        N/A       8%          3
 Airstrike                Air            9%         N/A       26%         4


Dungeon Overview and Level Annotations

Branches:
Dungeon (3/15)

Shops:
D:2 [


Innate Abilities, Weirdness & Mutations

You have an increased reservoir of magic. (+10% MP)
You shall have no god before yourself.
Your divine heritage dramatically boosts your attributes as you level up.


Message History

The scorpion poisons you!
Unknown command.
Casting: Static Discharge (safe; 8% risk of failure)
Confirm with . or Enter, or press ? or * to list all spells.
You don't have enough magic to cast this spell.
Unknown command.
The zap hits the scorpion.
The scorpion is heavily wounded.
You feel sick. The scorpion stings you.
You are lethally poisoned!
The scorpion poisons you!
Unknown command.
Magic courses through your body.
You feel very sick. The scorpion closely misses you.
Casting: Shock (safe; 4% risk of failure)
Confirm with . or Enter, or press ? or * to list all spells.
The scorpion is struck by an arc of lightning.
The scorpion is severely wounded.
You are struck by an arc of lightning.
The lightning grounds out.
* * * LOW HITPOINT WARNING * * *
You feel very sick. The scorpion misses you. The scorpion closely misses you.
Casting: Static Discharge (safe; 8% risk of failure)
Confirm with . or Enter, or press ? or * to list all spells.
The scorpion is struck by an arc of lightning!
You kill the scorpion!
You are struck by an arc of lightning.
* * * LOW HITPOINT WARNING * * *
The lightning grounds out.
* * * LOW HITPOINT WARNING * * *
You feel very sick.
Your Conjurations skill increases to level 2!
Your Air Magic skill increases to level 4!
You have reached level 4!
It was a potion of might.
You feel very mighty all of a sudden.
* * * LOW HITPOINT WARNING * * *
You feel very sick.
You die...

#.# #.#. #.. # ..##.
##... # #..# ##.
##..#
###...########...#
......†.@......#.#
....############.###
# #....>...#
#........#
#........#
#..[.....#
#........#
#.......<#
#........#


There were no monsters in sight!

Vanquished Creatures
  A scorpion (D:3)
  A dart slug (D:1)
  4 ball pythons
  4 bats
  7 endoplasms (D:2)
  3 giant cockroaches
  4 goblins
  4 hobgoblins
  3 jackals (D:2)
  2 kobolds
  2 frilled lizards
  4 rats
39 creatures vanquished.

Notes
Turn   | Place    | Note
-------+----------+-------------------------------------------
     0 | D:1      | Ajdolov the Demigod Air Elementalist began the quest for
                  | the Orb.
     0 | D:1      | Reached XP level 1. HP: 14/14 MP: 5/5
   144 | D:1      | Reached skill level 1 in Conjurations
   283 | D:1      | Reached skill level 3 in Air Magic
   589 | D:1      | Reached XP level 2. HP: 20/20 MP: 2/7
  1356 | D:2      | Learned a level 2 spell: Static Discharge
  1854 | D:2      | Reached XP level 3. HP: 16/26 MP: 8/8
  2323 | D:2      | Found Xiluor's Antique Armour Emporium.
  2331 | D:2      | Bought a pair of boots for 76 gold pieces
  2564 | D:3      | Noticed a water moccasin
  2635 | D:3      | Noticed a scorpion
  2645 | D:3      | Killed a scorpion
  2646 | D:3      | Reached skill level 4 in Air Magic
  2646 | D:3      | Reached XP level 4. HP: 5/33 MP: 4/9
  2647 | D:3      | Succumbed to a scorpion's poison

Illustrated notes

Levels and vault maps discovered:
D:1:      wander_arrival_peaceful_grave, layout_basic, basic_ecumenical_altar
D:2:      layout_basic, serial_shops, shop_statue, kennysheep_decorative_pillar,
          kennysheep_generic_room_2
D:3:      layout_rooms

Skill      XL: |  1  2  3 |
---------------+----------+-----
Conjurations   | 1 2 |  2.2
Air Magic      | 3 4 |  4.3
Dodging        | |  1.7
Stealth        | |  1.7
Spellcasting   | |  1.7

Action                   |  1- 3 |  4- 6 || total
-------------------------+-------+-------++-------
Melee: Rapier            |    10 |       ||    10
 Cast: Shock             |    80 |       ||    80
       Static Discharge  |     4 |       ||     4
  Use: Potion            |     1 |     1 ||     2
 Stab: Sleeping          |     1 |       ||     1
Armor: Robe              |     3 |       ||     3
Dodge: Dodged            |    16 |       ||    16

Table legend: (Time is in decaauts)
 A = Elapsed time spent in this place.
 B = Non-inter-level travel time spent in this place.
 C = Inter-level travel time spent in this place.
 D = Time resting spent in this place.
 E = Time spent auto-exploring this place.
 F = Levels seen in this place.
 G = Mean time per level.
                   A        B        C        D        E       F      G
               +--------+--------+--------+--------+--------+-----+--------+
         Total |   2649 |   2556 |     93 |      0 |   2311 |   3 |  883.0 |
       Dungeon |   2649 |   2556 |     93 |      0 |   2311 |   3 |  883.0 |
               +--------+--------+--------+--------+--------+-----+--------+

Top non-repeatable levels by time:
     D:1: 1349 daAuts
     D:2: 1249 daAuts
     D:3: 50 daAuts
